cohdb
Replays
Latest Replays
All Replays
Popular Replays
Top Player Replays
Match Explorer
How It Works
Community
CoH3 Stats
Reddit
Sign in to upload your games and track your stats! →
Sign in with Steam
Match 39259698
Unlisted
Match 39259698
Overview
Messages
Build Orders
End
Selects Australian Defense Battlegroup
Selects Australian Light Infantry Section
Australian Light Infantry Section
Vickers Machine Gun Team
Construct Section Command Post
Australian Light Infantry Section
Construct Platoon Command Post
Selects Defensive Tactics
6-pounder Anti-tank Gun Team
湾仔领导
一朝春尽红颜老 花落人亡两不知
zpl0905
万物终腐朽-慈父予新生
Nuclear Viking
小德子
爱玩原农锤的素食女权主义跨性别黑人男同
Zzzz丶
0
0
Comments
sign in to comment!
No comments posted yet!